 Dungeon Crawl Stone Soup version 0.29.0-11-gd7f09526c8 (webtiles) character file.

Game seed: 14595549565965081114

118 Powertoast the Slasher (level 5, 0/42 HPs)
             Began as a Merfolk Monk on Sept 4, 2022.
             Slain by a gnoll
             ... wielding a +0 whip
             ... led by a gnoll bouda
              (7 damage)
             ... on level 4 of the Dungeon.
             The game lasted 00:07:47 (3229 turns).

Powertoast the Slasher (Merfolk Monk)               Turns: 3229, Time: 00:07:48

Health: 0/42       AC:  6    Str: 11    XL:     5   Next: 2%
Magic:  5/5        EV: 12    Int: 10    God:
Gold:   186        SH:  0    Dex: 18    Spells: 4/4 levels left

rFire   . . .      SeeInvis .   a - +0 falchion
rCold   . . .      Faith    .   (no shield)
rNeg    . . .      Spirit   .   g - +0 ring mail
rPois   .          Reflect  .   (no helmet)
rElec   .          Harm     .   (no cloak)
rCorr   .          Rampage  .   p - +0 pair of gloves
Will    .....                   (no boots)
Stlth   ++........              (no amulet)
HPRegen 0.14/turn               (no ring)
MPRegen 0.09/turn               (no ring)

@: weakened
A: (nimble swimmer 2), mertail
a: no special abilities


You were on level 4 of the Dungeon.
You visited 1 branch of the dungeon, and saw 4 of its levels.

You collected 186 gold pieces.

Inventory:

Hand Weapons
 a - a +0 falchion (weapon)
Missiles
 u - 2 throwing nets (quivered)
Armour
 b - a +0 robe
 g - a +0 ring mail (worn)
 p - a +0 pair of gloves (worn)
 w - a +0 scale mail
Jewellery
 t - a ring of fire
Wands
 n - a wand of charming (4)
 s - a wand of iceblast (16)
Scrolls
 d - 3 scrolls of fear
 h - 2 scrolls of butterflies {unknown}
 i - a scroll of teleportation {unknown}
 j - 2 scrolls of amnesia {unknown}
 m - a scroll of vulnerability {unknown}
 o - 2 scrolls of immolation {unknown}
 q - a scroll of identify {unknown}
 r - a scroll of enchant armour {unknown}
Potions
 c - a potion of ambrosia
 e - 3 potions of might {unknown}
 f - 2 potions of resistance {unknown}
 k - 2 potions of flight {unknown}
 l - a potion of lignification {unknown}
 v - a potion of heal wounds {unknown}


   Skills:
 + Level 4.2 Fighting
 - Level 6.0 Long Blades
 - Level 4.0 Dodging
 - Level 2.1 Stealth


You had 4 spell levels left.
You didn't know any spells.
Your spell library was empty.

Dungeon Overview and Level Annotations

Branches:
Dungeon (4/15)
 Temple: D:4-7

Altars:
Elyvilon
Wu Jian
Lugonu

Portals:
Abyss: D:3


Innate Abilities, Weirdness & Mutations

((You are very nimble when in or above water. (Stealth+, EV+, Speed+++)))
Your lower body shifts to a powerful aquatic tail in water.


Message History

The gnoll hits you from afar with a +0 spear.
You hit the gnoll.
The gnoll is moderately wounded.
The gnoll barely misses you.
A gnoll comes into view. It is wielding a +0 club.
The gnoll hits you but does no damage.
You hit the gnoll but do no damage.
The gnoll is moderately wounded.
The gnoll closely misses you. The gnoll barely misses you.
The gnoll bouda calls upon its god to heal the gnoll.
The gnoll's wounds heal themselves!
You closely miss the gnoll. The gnoll hits you with a +0 whip.
The gnoll hits you from afar with a +0 spear.
You hit the gnoll.
The gnoll is lightly wounded.
The gnoll hits you with a +0 whip.
The gnoll hits you from afar with a +0 spear.
You barely miss the gnoll.
The gnoll is lightly wounded.
Your attacks no longer feel as feeble.
The gnoll hits you with a +0 whip.
The gnoll hits you from afar with a +0 spear!
* * * LOW HITPOINT WARNING * * *
The gnoll attacks as you move away! The gnoll hits you but does no damage.
The gnoll bouda calls upon its god to heal the gnoll.
The gnoll's wounds heal themselves!
You hear a shout!
The gnoll is no longer moving quickly.
The gnoll hits you with a +0 whip.
* * * LOW HITPOINT WARNING * * *
The gnoll bouda gazes fiercely through you!
You feel your attacks grow feeble.
The gnoll is no longer moving quickly.
The gnoll barely misses you.
The gnoll bouda barks out a call to the hunt!
The gnolls pick up the pace!
The gnoll is no longer moving quickly.
The gnoll bouda barks out a call to the hunt!
The gnoll picks up the pace!
The gnoll barely misses you. The gnoll attacks as you move away!
The gnoll hits you with a +0 whip!
You die...

##.. ###...
####################~~...
#.................##~..♣.
#.................#......
#.................†..♣._.
#.................#......
#####......g..........##~..♣.
#.†...g...g.@.........##~~...
####.###g................####...
#....)##.................# #..#
#.....##.................# #.#.
#.....##.................# #.#.
#.....##.................# #.#.
##g#############.........# #.#.
#g...# ########### #.#. #....#
#.#.##


You could see a gnoll bouda and 3 gnolls.

Vanquished Creatures
  Ijyb (D:4)
  2 adders
  3 dart slugs
  7 ball pythons
  7 bats
  8 endoplasms
  3 goblins
  5 hobgoblins
  6 jackals (D:2)
  3 quokkas
  A frilled lizard (D:3)
  8 kobolds
  5 rats
59 creatures vanquished.

Vanquished Creatures (others)
  A worm (D:4)
1 creature vanquished.

Grand Total: 60 creatures vanquished

Notes
Turn   | Place    | Note
-------+----------+-------------------------------------------
     0 | D:1      | Powertoast the Merfolk Monk began the quest for the Orb.
     0 | D:1      | Reached XP level 1. HP: 18/18 MP: 1/1
   265 | D:1      | Reached skill level 4 in Long Blades
   324 | D:1      | Reached XP level 2. HP: 24/24 MP: 2/2
  1237 | D:2      | Reached skill level 5 in Long Blades
  1237 | D:2      | Reached XP level 3. HP: 29/29 MP: 3/3
  2008 | D:3      | Found a large runed translucent door.
  2010 | D:3      | Found a large runed translucent door.
  2010 | D:3      | Found a corrupted altar of Lugonu.
  2021 | D:3      | Reached XP level 4. HP: 35/35 MP: 4/4
  2042 | D:3      | Found a one-way gate to the infinite horrors of the Abyss.
  2631 | D:3      | Reached skill level 6 in Long Blades
  2924 | D:4      | Found a white marble altar of Elyvilon.
  2939 | D:4      | Found an ornate altar of the Wu Jian Council.
  3121 | D:4      | Noticed Ijyb
  3142 | D:4      | Killed Ijyb
  3214 | D:4      | Reached XP level 5. HP: 39/42 MP: 5/5
  3229 | D:4      | Slain by a gnoll

Illustrated notes

Levels and vault maps discovered:
D:1:      dpeg_arrival_stonehenge_8_columns, layout_basic, minmay_cut_off
D:2:      layout_loops_ring
D:3:      due_chaos_kobolds, layout_loops_corners
D:4:      layout_basic, nicolae_tso_carved_into_rock,
          nicolae_wu_jian_wuxing_cycle, nicolae_uskayaw_en_pointe,
          elyvilon_altar_4, uniq_ijyb

Skill      XL: |  1  2  3  4 |
---------------+-------------+-----
Long Blades    | 4 5 6 |  6.0
Fighting       | 4 |  4.2
Dodging        | |  4.0
Stealth        | |  2.1

Action                   |  1- 3 |  4- 6 || total
-------------------------+-------+-------++-------
Melee: Falchion          |    96 |    91 ||   187
       Punch             |       |     2 ||     2
  Use: Scroll            |       |     1 ||     1
 Stab: Sleeping          |     3 |     1 ||     4
Armor: Robe              |     8 |       ||     8
       Ring mail         |    26 |    35 ||    61
Dodge: Dodged            |    65 |    50 ||   115
